 Dungeon Crawl Stone Soup version 0.15-a0-481-g5350d32 (console) character file.

591 Rage the Basher (level 7, 0/66 HPs)
             Began as an Ogre Hunter on May 8, 2014.
             Was an Initiate of Okawaru.
             Shot with an arrow of frost by a centaur (2 damage)
             ... on Level 7 of the Dungeon.
             The game lasted 00:12:08 (1809 turns).

Rage the Basher (Ogre Hunter)                       Turns: 1809, Time: 00:12:08

HP   0/66        AC  3     Str 18      XL: 7   Next: 39%
MP   7/7         EV  7     Int 10      God: Okawaru [......]
Gold 134         SH 18     Dex 12      Spells:  0 memorised,  6 levels left

rFire  + . .     SeeInvis .     A - +1,+0 flail
rCold  + . .     Clarity  .     d - +0 robe
rNeg   . . .     Conserve .     C - +2 shield {rF+}
rPois  .         rCorr    .     (helmet restricted)
rElec  .         rRot     .     (no cloak)
SustAb . .       Spirit   .     (gloves unavailable)
rMut   .         Warding  .     (boots unavailable)
Saprov + . .     Stasis   .     (no amulet)
MR     .....                    (no ring)
                                m - ring of protection from cold

@: not resistant to hostile enchantments, very unstealthy
A: unfitting armour, fast metabolism 1, saprovore 1, tough skin 1
a: Renounce Religion


You were on level 7 of the Dungeon.
You worshipped Okawaru.
Okawaru was noncommittal.
You were hungry.

You visited 2 branches of the dungeon, and saw 8 of its levels.

You collected 134 gold pieces.

Inventory:

Hand weapons
 h - a +0,+0 flail
 i - a +0 blowgun
 A - a +1,+0 flail (weapon)
 D - a +0,+0 giant spiked club
Missiles
 b - 4 large rocks (quivered)
 c - 2 throwing nets
 t - 3 tomahawks
Armour
 d - a +0 robe (worn)
 C - a +2 shield of fire resistance (worn)
Magical devices
 e - a wand of frost (14)
 B - a wand of teleportation (4)
Comestibles
 f - 3 meat rations
 g - 2 bread rations
 r - a sausage
 z - an apple
Scrolls
 j - 3 scrolls of immolation
 u - a scroll of remove curse
 x - 2 scrolls of amnesia
 y - a scroll of teleportation {unknown}
Jewellery
 k - an uncursed ring of teleportation
 m - a ring of protection from cold (left hand)
Potions
 l - a potion of might {unknown}
 n - 2 potions of lignification {unknown}
 o - a potion of brilliance {unknown}
 p - a potion of flight {unknown}
 q - a potion of heal wounds {unknown}
 s - a potion of curing
 v - a potion of restore abilities {unknown}


   Skills:
 - Level 2.6 Fighting
 + Level 8.1 Maces & Flails
 - Level 6.1 Throwing
 - Level 1.7 Dodging
 - Level 0.7 Stealth
 * Level 2.0 Shields


You had 6 spell levels left.
You didn't know any spells.

Dungeon Overview and Level Annotations

Branches:
Dungeon (7/15)             Temple (1/1) D:5

Altars:
Ashenzari
Cheibriados
Dithmenos
Elyvilon
Fedhas
Kikubaaqudgha
Makhleb
Nemelex Xobeh
Okawaru
Trog
Xom
Yredelemnul
Zin
The Shining One

Annotations:
D:6 Tinttamiau's ghost, experienced MfGl


Innate Abilities, Weirdness & Mutations

You are too large for most types of armour.
You have a fast metabolism.
You can tolerate rotten meat.
You have tough skin (AC +1).


Message History

b - 5 large rocks (gained 1)
Found a scroll of remove curse.
You now have 134 gold pieces (gained 13).
A centaur comes into view.
The centaur shouts!
Read which item? (? for menu, Esc to quit)
Okay, then.
Drink which item? (? for menu, Esc to quit)
You feel better.
The centaur wields a shortbow.
The centaur shoots an arrow of frost.
The arrow of frost hits you.
* * * LOW HITPOINT WARNING * * *
Throwing (i - inventory. (,) - cycle):
b - 5 large rocks (quivered)
Press: ? - help, Shift-Dir - straight line, f - centaur
Aim: a centaur, wielding a shortbow You throw a large rock.
The large rock hits the centaur but does no damage.
The centaur shoots an arrow of frost.
The arrow of frost hits you!
* * * LOW HITPOINT WARNING * * *
The arrow of frost freezes you.
You die...

......................
......................
......................
.......................
.................!).....
....?...................
........................
.........................
........@................
#....%.#...#....##.....#.
##.....#.#.....##....#.#
#c.....#.....##.#....#
#.###.#.##..>>>#...##...
#### ######## ## ###


You could see a centaur.

Vanquished Creatures
  An ogre (D:4)
  A phantom (D:4)
  2 giant frogs
  2 iguanas
  An orc wizard (D:4)
  2 worker ants
  An ogre skeleton (D:4)
  A giant mite (D:4)
  2 orc skeletons
  4 adders
  A worm (D:2)
  2 giant geckos
  6 orcs
  4 bats
  4 giant cockroaches
  13 hobgoblins
  6 kobolds
  A quokka (D:4)
  3 giant newts
  6 goblins
  A goblin zombie (D:5)
  2 rats
  A rat skeleton (D:4)
67 creatures vanquished.

Notes
Turn   | Place    | Note
--------------------------------------------------------------
     0 | D:1      | Rage, the Ogre Hunter, began the quest for the Orb.
     0 | D:1      | Reached XP level 1. HP: 22/22 MP: 1/1
    64 | D:1      | Reached XP level 2. HP: 15/29 MP: 2/2
   116 | D:2      | Reached skill level 5 in Throwing
   263 | D:2      | Reached XP level 3. HP: 8/36 MP: 3/3
   555 | D:3      | Reached XP level 4. HP: 41/44 MP: 4/4
   689 | D:3      | Found a shimmering altar of Xom.
   836 | D:4      | Reached XP level 5. HP: 9/50 MP: 5/5
   846 | D:4      | Reached skill level 5 in Maces & Flails
   937 | D:4      | Noticed a phantom
   955 | D:4      | Killed a phantom
   955 | D:4      | Reached skill level 6 in Maces & Flails
   955 | D:4      | Reached XP level 6. HP: 20/59 MP: 6/6
  1017 | D:4      | Reached skill level 7 in Maces & Flails
  1063 | D:5      | Entered Level 5 of the Dungeon
  1069 | D:5      | Found a staircase to the Ecumenical Temple.
  1075 | Temple   | Entered the Ecumenical Temple
  1213 | Temple   | Became a worshipper of Warmaster Okawaru
  1250 | D:5      | Found a basalt altar of Yredelemnul.
  1455 | D:6      | Found a glowing silver altar of Zin.
  1516 | D:6      | Noticed Tinttamiau's ghost (experienced MfGl)
  1566 | D:4      | Reached XP level 7. HP: 23/66 MP: 7/7
  1636 | D:4      | Noticed an ogre
  1641 | D:4      | Killed an ogre
  1641 | D:4      | Reached skill level 1 in Shields
  1706 | D:5      | Reached skill level 8 in Maces & Flails
  1809 | D:7      | HP: 2/66 [centaur/arrow of frost (10)]
  1809 | D:7      | Shot with an arrow of frost by a centaur

Action                   |  1- 3 |  4- 6 |  7- 9 || total
-------------------------+-------+-------+-------++-------
Melee: Club              |    31 |       |       ||    31
       Flail             |    38 |    87 |    41 ||   166
Throw: Large rock        |    26 |    21 |     9 ||    56
       Throwing net      |     3 |       |       ||     3
Evoke: Wand              |       |     1 |     1 ||     2
  Use: Scroll            |       |     4 |     2 ||     6
       Potion            |       |       |     1 ||     1
 Stab: Held in net/web   |     1 |       |       ||     1
       Distracted        |       |     1 |       ||     1
